 Dungeon Sprint DCSS version 0.21-a0-94-gdd6ab6a (webtiles) character file.

93 Kidiri the Sneak (level 4, -8/23 HPs)
             Began as a Spriggan Enchanter on July 2, 2017.
             Mangled by a tyrant leech (12 damage)
             ... in the Dungeon (Sprint II: "The Violet Keep of Menkaure").
             The game lasted 00:01:23 (310 turns).

Kidiri the Sneak (Spriggan Enchanter)                Turns: 310, Time: 00:01:24

Health: -8/23      AC:  2    Str:  4    XL:     4   Next: 37%
Magic:  2/12       EV: 22    Int: 16    God:
Gold:   243        SH:  0    Dex: 17    Spells: 1/13 levels left

rFire    . . .     SeeInvis +   a - +1 dagger
rCold    . . .     Gourm    .   (shield restricted)
rNeg     . . .     Faith    .   b - +0 robe
rPois    .         Spirit   .   (helmet restricted)
rElec    .         Reflect  .   (no cloak)
rCorr    .         Harm     .   (gloves unavailable)
MR       .....     NoTele   +   (boots unavailable)
Stlth    ++++......             (no amulet)
HPRegen  0.07/turn              (no ring)
MPRegen  0.13/turn              (no ring)

@: very slightly contaminated, very quick
A: unfitting armour, see invisible, herbivore 3, speed 3, slow metabolism 2
a: no special abilities


You were in the Dungeon.
You were not hungry.

You visited 1 branch You collected 243 gold pieces.

Inventory:

Hand Weapons
 a - a +1 dagger (weapon)
Armour
 b - a +0 robe (worn)
Scrolls
 j - a scroll of blinking
Potions
 e - a potion of curing
 f - a potion of heal wounds
 g - a potion of haste
 h - 2 potions of magic
Books
 c - a book of Maledictions

   Spells                             Type                      Level
   a - Corona                         Hexes                        1
   b - Ensorcelled Hibernation        Hexes/Ice                    2
   c - Confuse                        Hexes                        3
   d - Tukima's Dance                 Hexes                        3
   e - Dazzling Spray                 Conjuration/Hexes            3
Comestibles
 d - a bread ration


   Skills:
 + Level 2.0 Fighting
 * Level 3.8 Short Blades
 + Level 1.5 Armour
 * Level 6.2 Dodging
 * Level 7.2 Stealth
 * Level 5.0 Spellcasting
 + Level 4.8 Hexes


You had one spell level left.
You knew the following spells:

 Your Spells              Type           Power        Failure   Level  Hunger
a - Corona                Hex            ###....      1%          1    None
b - Ensorcelled Hibernat  Hex/Ice        ##....       9%          2    #......
c - Confuse               Hex            ###.....     6%          3    ###....
d - Tukima's Dance        Hex            ###.....     6%          3    ###....
e - Dazzling Spray        Conj/Hex       ##....       17%         3    ###....


Dungeon Overview and Level Annotations

Branches:
Dungeon (1/1)

Altars:


Innate Abilities, Weirdness & Mutations

You are very small and have problems with some larger weapons.
You are too small for most types of armour.
You have supernaturally acute eyesight. (SInv)
You are a herbivore.
You cover ground extremely quickly.
You need consume almost no food.


Message History

Confirm with . or Enter, or press ? or * to list all spells.
Aiming: Ensorcelled Hibernation
Press: ? - help, Shift-Dir - straight line, f/p - tyrant leech
Aim: a tyrant leech (chance to defeat MR: 26%)
The tyrant leech resists with almost no effort.
The tyrant leech misses you.
Unknown command.
Casting: Ensorcelled Hibernation
Confirm with . or Enter, or press ? or * to list all spells.
Aiming: Ensorcelled Hibernation
Press: ? - help, Shift-Dir - straight line, f/p - tyrant leech
Aim: a tyrant leech (chance to defeat MR: 26%)
The tyrant leech looks drowsy...
Unknown command.
The helpless tyrant leech fails to defend itself.
You perforate the tyrant leech like a sieve!!!
The tyrant leech is severely wounded.
The tyrant leech bites you!
Ouch! That really hurt!
You die...

## ## H# #H #
.#. # ##. #+#
.##
#.m.##.##..$#
#.+@w.'#
#...##w##...#
##. ##+## .##
# ##.#%## #
#..#..#
###.### #+#


You could see 2 tyrant leeches.

Vanquished Creatures
  4 worker ants (D)
4 creatures vanquished.

Vanquished Creatures (others)
  A crocodile (D)
1 creature vanquished.

Grand Total: 5 creatures vanquished

Notes
Turn   | Place    | Note
-------+----------+-------------------------------------------
     0 | D        | Kidiri the Spriggan Enchanter began the quest for the Orb.
     0 | D        | Reached XP level 1. HP: 9/9 MP: 5/5
     1 | D        | Noticed a hippogriff
     1 | D        | Noticed a hippogriff
     5 | D        | Noticed a merfolk siren
     9 | D        | Noticed a worker ant
     9 | D        | Noticed a worker ant
     9 | D        | Noticed a worker ant
     9 | D        | Noticed a worker ant
    13 | D        | Noticed a tyrant leech
    13 | D        | Noticed a tyrant leech
    20 | D        | Killed a worker ant
    20 | D        | Reached skill level 1 in Fighting
    20 | D        | Reached skill level 5 in Stealth
    20 | D        | Reached XP level 2. HP: 10/14 MP: 5/7
    25 | D        | Reached skill level 1 in Armour
    25 | D        | Reached skill level 5 in Dodging
    25 | D        | Reached skill level 6 in Stealth
    25 | D        | Reached XP level 3. HP: 11/18 MP: 5/9
    30 | D        | Reached XP level 4. HP: 6/23 MP: 5/11
    37 | D        | Reached skill level 7 in Stealth
    37 | D        | Reached skill level 5 in Spellcasting
    61 | D        | Learned a level 2 spell: Ensorcelled Hibernation
    65 | D        | Learned a level 3 spell: Confuse
    68 | D        | Killed a crocodile
    69 | D        | Learned a level 3 spell: Tukima's Dance
    73 | D        | Learned a level 3 spell: Dazzling Spray
   310 | D        | Mangled by a tyrant leech

Vault maps used:
D:        the_violet_keep_of_menkaure

Skill      XL: |  1  2  3  4 |
---------------+-------------+-----
Fighting       | 1 2 |  2.0
Short Blades   | 2 3 |  3.8
Dodging        | 4 5 6 |  6.2
Stealth        | 5 6 7 |  7.2
Spellcasting   | 3 4 5 |  5.0
Hexes          | 4 |  4.8
Armour         | 1 |  1.5

Action                   |  1- 3 |  4- 6 || total
-------------------------+-------+-------++-------
Melee: Dagger            |    11 |     8 ||    19
 Cast: Ensorcelled Hiber |       |     4 ||     4
  Use: Potion            |     1 |       ||     1
 Stab: Sleeping          |       |     1 ||     1
Dodge: Dodged            |     6 |     5 ||    11
